 Dungeon Crawl Stone Soup version 0.28.0-45-g0d030f2227 (webtiles) character file.

Game seed: 6346385930955471725

1544 DuloT34 the Transmogrifier (level 8, -7/61 (69) HPs)
             Began as a Naga Transmuter on Apr 22, 2022.
             Mangled by a wight
             ... wielding a +0 flail
              (14 damage)
             ... on level 6 of the Dungeon.
             The game lasted 00:18:37 (9224 turns).

DuloT34 the Transmogrifier (Naga Transmuter)        Turns: 9224, Time: 00:18:37

HP:   -7/61 (69)    AC:  2    Str: 12    XL:     8   Next: 87%
MP:   19/20         EV: 19    Int: 16    God:
Gold: 262           SH:  0    Dex: 17    Spells: 0/11 levels left

rFire   . . .      SeeInvis +     - Unarmed
rCold   . . .      Faith    .   (shield currently unavailable)
rNeg    . . .      Spirit   .   (armour currently unavailable)
rPois   x          Reflect  .   (helmet currently unavailable)
rElec   .          Harm     .   (cloak currently unavailable)
rCorr   .          Rampage  .   (gloves currently unavailable)
Will    +....                   (no barding)
Stlth   ++........              (no amulet)
HPRegen 0.20/turn               f - ring of magical power
MPRegen 0.17/turn               l - ring of wizardry

@: about to teleport, spider-form (expiring), heavily drained
A: venomous fangs, AC +2, tiny, see invisible, (deformed body), (poison
resistance), (slowness 2), spit poison 1, (naga tail 1)
a: Spit Poison, End Transformation


You were on level 6 of the Dungeon.
You were a venomous arachnid creature.
You visited 1 branch of the dungeon, and saw 6 of its levels.

You collected 262 gold pieces.

Inventory:

Armour
 a - a +0 robe
 h - the +0 robe "Richiocoze" (melded) {Dex+4}
   (You found it on level 3 of the Dungeon)

   Dex:       It affects your dexterity (+4).
 i - a +0 pair of gloves (melded)
Jewellery
 f - a ring of magical power (left front leg)
 l - a ring of wizardry (right front leg)
Wands
 d - a wand of acid (6)
 k - a wand of flame (60)
 o - a wand of polymorph (8)
 r - a wand of mindburst (10)
 s - a wand of paralysis (10)
Scrolls
 b - a scroll of blinking {unknown}
 c - a scroll of enchant weapon
 n - a scroll of acquirement {unknown}
 p - a scroll of teleportation
 q - a scroll of enchant armour {unknown}
 t - a scroll of identify
Potions
 e - a potion of brilliance
 g - 2 potions of lignification
 j - 2 potions of curing
 m - a potion of ambrosia {unknown}
 u - a potion of haste {unknown}


   Skills:
 + Level 3.1 Fighting
 - Level 1.5 Dodging
 + Level 4.3 Unarmed Combat
 - Level 2.0 Spellcasting
 - Level 10.0 Transmutations


You couldn't memorise any spells.
You knew the following spells:

 Your Spells              Type           Power      Damage    Failure   Level
a - Beastly Appendage     Tmut           66%        N/A       1%          1
b - Wereblood             Tmut           33%        N/A       1%          2
c - Spider Form           Tmut/Pois      17%        N/A       9%          3
d - Blade Hands           Tmut           16%        N/A       10%         5

Your spell library contained the following spells:

 Spells                   Type           Power      Damage    Failure   Level
 Passwall                 Tmut/Erth      14%        N/A       5%          2
 Animate Skeleton         Necr           2%         N/A       17%         1
 Magic Dart               Conj           4%         1d3       17%         1
 Pain                     Necr           4%         1d4       17%         1
 Ice Form                 Ice/Tmut       17%        N/A       21%         4
 Call Imp                 Summ           1%         N/A       24%         2
 Ensorcelled Hibernation  Hex/Ice        2%         N/A       24%         2
 Mephitic Cloud           Conj/Pois/Air  1%         N/A       38%         3
 Portal Projectile        Hex/Tloc       2%         N/A       38%         3
 Summon Guardian Golem    Hex/Summ       1%         N/A       38%         3
 Swiftness                Air            1%         N/A       38%         3
 Vampiric Draining        Necr           1%         2d6       38%         3
 Excruciating Wounds      Necr           0%         N/A       96%         5
 Orb of Destruction       Conj           0%         9d5       100%        7
 Spellforged Servitor     Conj/Summ      0%         N/A       100%        7


Dungeon Overview and Level Annotations

Branches:
Dungeon (6/15)
 Temple: D:4-7

Altars:
Wu Jian

Shops:
D:4 [


Innate Abilities, Weirdness & Mutations

You are a venomous arachnid creature.
You have poisonous fangs.
You are tiny and dextrous.
Your spellcasting is less reliable in this form.
Your armour is entirely melded.
You are incapable of wielding weapons or throwing items.
((Your serpentine skin is tough. (AC +2)))
You have supernaturally acute eyesight. (SInv)
((Armour fits poorly on your strangely shaped body.))
((Your system is resistant to poisons. (rPois)))
((You cover ground very slowly.))
You can spit poison.
((You have a snake-like lower body.))


Message History

The wight is heavily damaged.
The wight completely misses you.
You completely miss the wight.
The wight is heavily damaged.
The wight closely misses you.
You hit the wight but do no damage.
The wight is heavily damaged.
The wight hits you with a +0 flail!
You hit the wight but do no damage.
The wight is heavily damaged.
The wight closely misses you.
You hit the wight.
The wight is severely damaged.
The wight hits you with a +0 flail.
You feel drained.
You hit the wight but do no damage.
The wight is severely damaged.
The wight hits you with a +0 flail!
You completely miss the wight.
The wight is severely damaged.
You hit the wight.
The wight is severely damaged.
The wight barely misses you.
You hit the wight.
The wight is almost destroyed.
The wight hits you with a +0 flail!
You feel drained.
You hit the wight.
The wight is almost destroyed.
The wight misses you.
You barely miss the wight.
The wight is almost destroyed.
The wight hits you with a +0 flail!
* * * LOW HITPOINT WARNING * * *
You feel drained.
* * * LOW HITPOINT WARNING * * *
Okay, then.
As you read the scroll of teleportation, it crumbles to dust.
You feel strangely unstable.
Your transformation is almost over.
The wight hits you with a +0 flail!
You die...

#.##...###.#.# #.#
#...#####.
###⌠...⌠##...# #.#
##### #.
#.......#.#####.#
#.
#.<.⌠)>.#.......#
#.
#.......#.#.#####
## ##⌠.<.⌠##..##
##...##..##
#####...######
##..†.szz#.. ..
#.########.#># ..$
#..........#.# #.#
#.###.#....#.##...
...#.##.#....#
.....#..).#..#.#
#..#######....(.#
#.. #...†!#.....
#? #..#....[##.


You could see 2 wights.

Vanquished Creatures
  A water moccasin (D:6)
  3 necrophages
  3 ogres
  A phantom (D:5)
  A bullfrog (D:6)
  4 scorpions
  A water moccasin skeleton (D:4)
  A centaur skeleton (D:5)
  4 hounds
  A jelly (D:5)
  Terence (D:2)
  4 iguanas
  2 orc wizards
  A killer bee zombie (D:5)
  A howler monkey skeleton (D:5)
  2 adders
  A shadow imp (D:3)
  2 white imps (D:6)
  3 worms
  3 dart slugs
  13 orcs
  4 endoplasms
  A giant cockroach (D:4)
  4 goblins
  7 hobgoblins
  2 quokkas
  3 ball pythons
  4 bats
  A frilled lizard (D:3)
  13 kobolds
  4 rats
96 creatures vanquished.

Vanquished Creatures (others)
  11 plants (D:6)
11 creatures vanquished.

Grand Total: 107 creatures vanquished

Notes
Turn   | Place    | Note
-------+----------+-------------------------------------------
     0 | D:1      | DuloT34 the Naga Transmuter began the quest for the Orb.
     0 | D:1      | Reached XP level 1. HP: 18/18 MP: 3/3
   151 | D:1      | Found a faded altar of an unknown god.
   380 | D:1      | Reached XP level 2. HP: 18/25 MP: 3/5
   643 | D:1      | Learned a level 2 spell: Wereblood
  1117 | D:2      | Noticed Terence
  1557 | D:2      | Reached skill level 3 in Transmutations
  1704 | D:2      | Reached XP level 3. HP: 30/31 MP: 2/6
  1708 | D:2      | Learned a level 3 spell: Spider Form
  1746 | D:2      | Killed Terence
  1747 | D:2      | Reached skill level 4 in Transmutations
  1999 | D:2      | Reached XP level 4. HP: 36/38 MP: 7/7
  2493 | D:3      | Identified the +0 robe "Richiocoze" {Dex+4}
  2736 | D:3      | Reached skill level 5 in Transmutations
  2862 | D:3      | Reached XP level 5. HP: 40/44 MP: 8/8
  3590 | D:3      | Found an ornate altar of the Wu Jian Council.
  4817 | D:4      | Found Niugaisch's Armour Shop.
  4870 | D:4      | Reached skill level 6 in Transmutations
  4870 | D:4      | Reached XP level 6. HP: 31/51 MP: 9/9
  5620 | D:5      | Entered Level 5 of the Dungeon
  5938 | D:5      | Reached skill level 7 in Transmutations
  5938 | D:5      | Reached XP level 7. HP: 57/57 MP: 10/10
  6224 | D:5      | Reached skill level 8 in Transmutations
  7940 | D:5      | Reached skill level 9 in Transmutations
  7940 | D:5      | Reached XP level 8. HP: 41/61 MP: 11/11
  7946 | D:5      | Learned a level 5 spell: Blade Hands
  9094 | D:6      | Reached skill level 10 in Transmutations
  9224 | D:6      | Mangled by a wight

Illustrated notes

Levels and vault maps discovered:
D:1:      minmay_arrival_radiant_lines, layout_loops_ring,
          hellmonk_ecumenical_altar_blasted
D:2:      layout_basic, uniq_terence
D:3:      layout_loops_corners, nzn_wu_jian_council_hall, grunt_ministairs_14,
          nrook_loot_triangle, minmay_goblin_kobold_house
D:4:      layout_loops_ring, serial_shops,
          nicolae_shop_competitors_out_of_business
D:5:      layout_layer_cave, chequers_serial_rivers_marsh
D:6:      layout_loops_ring, minmay_temple_entry_butterflies,
          grunt_ministairs_7, serial_bayou_ford_a, kennysheep_nub,
          minmay_fractal_squares_5

Skill      XL: |  1  2  3  4  5  6  7  8 |
---------------+-------------------------+-----
Transmutations | 3 4 5 6 7 9 10 | 10.0
Fighting       | 3 |  3.1
Unarmed Combat | 4 |  4.3
Dodging        | |  1.5
Spellcasting   | |  2.0

Action                   |  1- 3 |  4- 6 |  7- 9 || total
-------------------------+-------+-------+-------++-------
Melee: Unarmed           |    54 |   159 |   158 ||   371
       Headbutt          |    11 |    21 |    11 ||    43
       Punch             |       |     2 |     2 ||     4
 Cast: Beastly Appendage |    17 |    21 |     6 ||    44
       Wereblood         |     6 |    17 |     5 ||    28
       Spider Form       |     1 |     9 |    15 ||    25
       Blade Hands       |       |       |     3 ||     3
 Abil: Spit Poison       |     1 |     3 |    13 ||    17
Evoke: Wand              |       |       |     1 ||     1
  Use: Scroll            |     3 |     9 |     2 ||    14
       Potion            |       |       |     5 ||     5
Armor: Robe              |     6 |    22 |    15 ||    43
       Skin              |       |     2 |     8 ||    10
Dodge: Dodged            |    32 |    89 |    85 ||   206
